 Dungeon Crawl Stone Soup version 0.29.1-15-g9cfb28693d (webtiles) character file.

Game seed: 11153765644247275431

559 Calibrex the Chopper (level 7, -4/53 HPs)
             Began as a Demonspawn Gladiator on Mar 31, 2023.
             Slain by an orc priest
             ... wielding a +0 hand axe
              (5 damage)
             ... on level 4 of the Dungeon.
             The game lasted 00:09:14 (3549 turns).

Calibrex the Chopper (Demonspawn Gladiator)         Turns: 3549, Time: 00:09:14

Health: -4/53      AC: 12    Str: 17    XL:     7   Next: 9%
Magic:  7/7        EV: 11    Int:  9    God:
Gold:   236        SH:  0    Dex: 16    Spells: 6/6 levels left

rFire   . . .      SeeInvis .   a - +0 war axe
rCold   . . .      Faith    .   (no shield)
rNeg    . . .      Spirit   .   f - +0 scale mail
rPois   .          Reflect  .   c - +2 helmet
rElec   .          Harm     .   h - +2 cloak
rCorr   .          Rampage  .   (no gloves)
Will    .....                   (no boots)
Stlth   ..........              (no amulet)
HPRegen 0.17/turn               (no ring)
MPRegen 0.10/turn               (no ring)

@: confused, weakened, hasted, very quick
A: thin skeletal structure 1, demonic touch 2
a: no special abilities


You were on level 4 of the Dungeon.
You visited 1 branch of the dungeon, and saw 4 of its levels.

You collected 236 gold pieces.

Inventory:

Hand Weapons
 a - a +0 war axe (weapon)
Missiles
 d - 3 throwing nets (quivered)
 j - 2 poisoned darts
 p - a javelin
 q - 8 boomerangs
Armour
 c - a +2 helmet (worn)
 f - a +0 scale mail (worn)
 h - a +2 cloak (worn)
Wands
 e - a wand of polymorph (4)
 n - a wand of light (8)
Scrolls
 g - a scroll of poison
 i - a scroll of enchant armour
Potions
 b - 3 potions of degeneration
 k - a potion of haste
 r - 2 potions of lignification
 s - 3 potions of curing


   Skills:
 + Level 3.9 Fighting
 + Level 4.1 Axes
 + Level 3.4 Throwing
 + Level 2.5 Armour
 + Level 4.1 Dodging


You had 6 spell levels left.
You didn't know any spells.
Your spell library contained the following spells:

 Spells                   Type           Power      Damage    Failure   Level
 Blink                    Tloc           0%         N/A       90%         2
 Manifold Assault         Tloc           0%         N/A       100%        5
 Storm Form               Tmut/Air       0%         N/A       100%        7


Dungeon Overview and Level Annotations

Branches:
Dungeon (4/15)
 Temple: D:4-7

Altars:
Uskayaw
Xom

Shops:
D:1 (


Innate Abilities, Weirdness & Mutations

You have a somewhat thin skeletal structure. (Dex +2, Stealth+)
Your touch may inflict irresistible damage on your foes.


Message History

The orc priest shouts!
You hear a shout! x4
Okay, then.
You closely miss the orc wizard.
You touch the orc wizard!
The orc wizard is severely wounded.
You hit the orc warrior.
The orc warrior hits you with a +0 hand axe.
The orc wizard hits you with a +0 dagger.
The orc priest calls down the wrath of Beogh upon you.
Beogh smites you!
You closely miss the orc wizard.
The orc wizard is severely wounded.
You hit the orc warrior.
The orc warrior hits you with a +0 hand axe!
The orc wizard casts a spell at you.
You are confused.
You hit the orc wizard.
You kill the orc wizard!
You closely miss the orc warrior.
The orc warrior hits you with a +0 hand axe.
The orc warrior throws a stone.
The stone misses you.
The orc priest looks encouraged for a moment.
The orc priest mumbles some strange prayers to Beogh against you.
Beogh smites you!
* * * LOW HITPOINT WARNING * * *
The orc barely misses you.
The orc warrior hits you but does no damage.
You hear a shout!
You barely miss the orc. Your touch misses the orc. You miss the orc warrior.
The orc hits you with a +0 mace.
* * * LOW HITPOINT WARNING * * *
A gnoll bouda comes into view. It is wielding a +0 club.
The orc warrior barely misses you.
You bump into the rock wall.
The orc warrior hits you but does no damage.
You're too confused to move!
The orc warrior barely misses you.
A gnoll comes into view. It is wielding a +0 spear.
The gnoll bouda gazes fiercely through you!
You feel your attacks grow feeble.
The orc priest hits you with a +0 hand axe.
You die...

#............
######.#.#...
#.#.#.## #####.#.#)#
#.........# #
#####.#.####### #.#.#
#...#.....#
#.....###.#)#)#.#.###
.......@o.#.........#
.>....oo).#.###.#.###
..........#.# #.#...
..........#.# #...#.#
..........#.. ...<..#
......g...... ..### #
.........#.##.###
......g..#.. . #. ##


You could see an orc warrior, a gnoll bouda, an orc priest, a gnoll and an orc.

Vanquished Creatures
  Sigmund (D:2)
  A scorpion (D:4)
  A jelly (D:3)
  2 orc priests (D:3)
  A hound (D:3)
  Jessica (D:3)
  2 orc wizards
  Robin (D:2)
  3 adders
  2 worms (D:2)
  A dart slug (D:1)
  5 orcs (D:3)
  7 bats
  11 endoplasms
  A giant cockroach (D:1)
  12 goblins
  11 hobgoblins
  5 jackals
  2 quokkas
  5 ball pythons
  4 frilled lizards
  11 kobolds
  6 rats
96 creatures vanquished.

Notes
Turn   | Place    | Note
-------+----------+-------------------------------------------
     0 | D:1      | Calibrex the Demonspawn Gladiator began the quest for the
                  | Orb.
     0 | D:1      | Reached XP level 1. HP: 16/16 MP: 1/1
    24 | D:1      | Found Wus Oklu's Antique Weapon Shoppe.
   172 | D:1      | Gained mutation: Your touch may inflict minor irresistible
                  | damage on your foes. [demonic ancestry]
   172 | D:1      | Reached XP level 2. HP: 21/22 MP: 2/2
   241 | D:1      | Found a faded altar of an unknown god.
   769 | D:1      | Reached XP level 3. HP: 26/28 MP: 3/3
  1020 | D:2      | Noticed Sigmund
  1027 | D:2      | Killed Sigmund
  1028 | D:2      | Reached skill level 1 in Armour
  1028 | D:2      | Gained mutation: You have a somewhat thin skeletal
                  | structure. (Dex +2, Stealth+) [demonic ancestry]
  1028 | D:2      | Reached XP level 4. HP: 31/35 MP: 4/4
  1028 | D:2      | Reached XP level 5. HP: 36/41 MP: 5/5
  1349 | D:2      | Noticed Robin
  1395 | D:2      | Killed Robin
  1672 | D:2      | Found a hide-covered altar of Uskayaw.
  2077 | D:3      | Reached XP level 6. HP: 44/47 MP: 6/6
  2971 | D:3      | Identified the +1 ring mail "Cuwasav" {Dex+4}
  3209 | D:3      | Noticed Jessica
  3215 | D:3      | Killed Jessica
  3304 | D:4      | Gained mutation: Your touch may inflict irresistible damage
                  | on your foes. [demonic ancestry]
  3304 | D:4      | Reached XP level 7. HP: 31/53 MP: 7/7
  3451 | D:4      | Found a shimmering altar of Xom.
  3546 | D:4      | HP: 1/53 [orc/+0 mace (4)]
  3549 | D:4      | Slain by an orc priest

Illustrated notes

Levels and vault maps discovered:
D:1:      dpeg_arrival_houses_and_road, layout_basic,
          dreamdust_ecumenical_altar_statues, serial_shops, nicolae_shop_trees,
          minmay_three_crescents
D:2:      layout_loops_corners, basic_altar, grunt_ministairs_5,
          minmay_heptomino_h4, uniq_robin, uniq_sigmund
D:3:      kennysheep_big_flooded_room, layout_basic, kennysheep_jessica_study
D:4:      minmay_octagon_keep, layout_basic, xom_teletrap_fun,
          minmay_temple_entry_butterflies, minivault_14, nicolae_wormholes

Skill      XL: |  1  2  3  4  5  6 |
---------------+-------------------+-----
Throwing       | 2 3 |  3.4
Axes           | 3 4 |  4.1
Dodging        | 3 4 |  4.1
Fighting       | 3 |  3.9
Armour         | 1 2 |  2.5

Action                   |  1- 3 |  4- 6 |  7- 9 || total
-------------------------+-------+-------+-------++-------
Melee: War axe           |    61 |   144 |    24 ||   229
       Touch             |     4 |    21 |     4 ||    29
       Punch             |     2 |     3 |       ||     5
       Unarmed           |       |    13 |       ||    13
Throw: Javelin           |     1 |     1 |       ||     2
  Use: Scroll            |       |    11 |       ||    11
       Potion            |       |       |     2 ||     2
Armor: Scale mail        |    40 |    59 |    14 ||   113
Dodge: Dodged            |    34 |   107 |    15 ||   156
